 Dungeon Crawl Stone Soup version 0.17-a0-1078-g243345b (webtiles) character file.

791 hornqvist the Chopper (level 8, 0/58 HPs)
             Began as a Formicid Fighter on May 19, 2015.
             Was an Initiate of Gozag.
             Slain by a giant frog (6 damage)
             ... on level 5 of the Dungeon.
             The game lasted 00:03:43 (4320 turns).

hornqvist the Chopper (Formicid Fighter)            Turns: 4320, Time: 00:03:43

Health: 0/58       AC:  7    Str: 23    XL:     8   Next: 12%
Magic:  8/8        EV:  9    Int:  8    God:    Gozag
Gold:   655        SH: 10    Dex: 10    Spells: 0 memorised, 7 levels left

rFire  x . .     SeeInvis +     a - +1 war axe
rCold  + . .     Clarity  +     b - +0 scale mail
rNeg   + . .     SustAb   .     c - +0 shield
rPois  .         Gourm    .     (helmet unavailable)
rElec  .         Spirit   .     (no cloak)
rCorr  .         Warding  .     (no gloves)
rMut   .         Stasis   +     (no boots)
MR     .....                    k - amulet of clarity
Stlth  ..........               m - ring of positive energy
                                i - ring of ice

@: not resistant to hostile enchantments, extremely unstealthy
A: permanent stasis, dig shafts and tunnels, four strong arms, antennae 3
a: Dig, Shaft Self, Potion Petition, Call Merchant, Bribe Branch, Renounce
Religion


You were on level 5 of the Dungeon.
You worshipped Gozag.
Gozag was noncommittal.
You were not hungry.

You visited 2 branches of the dungeon, and saw 6 of its levels.

You collected 707 gold pieces.
You paid 52 gold pieces to Gozag.

Inventory:

Hand weapons
 a - a +1 war axe (weapon)
 t - a +0 morningstar
Armour
 b - a +0 scale mail (worn)
 c - a +0 shield (worn)
 x - a +0 cloak
Jewellery
 i - a ring of ice (left hand)
 k - an amulet of clarity (around neck)
 m - a ring of positive energy (right hand)
Magical devices
 v - a wand of paralysis (10)
 w - a wand of fire (13)
Scrolls
 f - a scroll of teleportation
 g - a scroll of amnesia
 h - 3 scrolls of identify
 p - 4 scrolls of remove curse
Potions
 d - a potion of poison {unknown}
 j - 2 potions of curing {unknown}
 n - a potion of heal wounds {unknown}
 o - 2 potions of invisibility
 u - a potion of cure mutation {unknown}
 z - a potion of agility {unknown}
Books
 s - a book of Summonings

   Spells                             Type                      Level
   a - Recall                         Summoning/Translocation      3
   b - Aura of Abjuration             Summoning                    5
   c - Shadow Creatures               Summoning                    5
   d - Summon Demon                   Summoning                    5
   e - Summon Forest                  Summoning/Translocation      5
   f - Summon Mana Viper              Hexes/Summoning              5
Comestibles
 e - 2 bread rations
 l - 2 meat rations


   Skills:
 - Level 3.2 Fighting
 * Level 6.2 Axes
 + Level 5.7 Armour
 + Level 6.2 Shields


You had 7 spell levels left.
You didn't know any spells.

Dungeon Overview and Level Annotations

Branches:
Dungeon (5/15)             Temple (1/1) D:4

Altars:
Ashenzari
Cheibriados
Dithmenos
Elyvilon
Fedhas
Gozag
Kikubaaqudgha
Makhleb
Nemelex Xobeh
Qazlal
Trog
Xom
Yredelemnul
Zin

Shops:
D:4 (*:


Innate Abilities, Weirdness & Mutations

You are under a permanent stasis effect.
You can dig through walls and to a lower floor.
Your four strong arms can wield two-handed weapons with a shield.
You have a pair of large antennae on your head (SInv).


Message History

You are too injured to fight recklessly!
You are too injured to fight recklessly!
You are too injured to fight recklessly!
You are too injured to fight recklessly!
You are too injured to fight recklessly!
You are too injured to fight recklessly!
You are too injured to fight recklessly!
You are too injured to fight recklessly!
You are too injured to fight recklessly!
You are too injured to fight recklessly!
The giant frog barely misses you.
Your shield and scale mail prevent you from hitting the giant frog.
The giant frog hits you.
* * * LOW HITPOINT WARNING * * *
The giant frog hits you!
* * * LOW HITPOINT WARNING * * *
You take 12 damage, and have 5/58 hp.
MASSIVE DAMAGE!!
You slash the giant frog! The giant frog hits you.
You die...
Your body crumbles into a pile of gold.

#.###.# #...... .#######.
.......<. ######### # ###
### ###....
##.#########8###8###8#.###
#......................# #
#........@F............# #
#......)...............###
##.........#8###8###8#....
########################.
............#.# #.
.......(.##.#.### ##
................#
..........#...#.# ###
..........#.###.# #.#


You could see a giant frog.

Vanquished Creatures
  Prince Ribbit (D:5)
  Sigmund (D:5)
  An ogre (D:5)
  3 hounds (D:4)
  An iguana (D:4)
  An orc wizard (D:4)
  3 orc priests
  2 adders
  An ooze (D:4)
  A worm (D:3)
  2 giant geckos
  10 orcs
  A ball python (D:3)
  10 bats
  9 hobgoblins
  11 jackals
  2 quokkas (D:3)
  5 giant cockroaches
  A giant gecko skeleton (D:4)
  4 giant newts
  11 goblins
  8 kobolds
  7 rats
96 creatures vanquished.

Notes
Turn   | Place    | Note
--------------------------------------------------------------
     0 | D:1      | hornqvist the Formicid Fighter began the quest for the Orb.
     0 | D:1      | Reached XP level 1. HP: 18/18 MP: 1/1
   384 | D:1      | You fall through a shaft!
   387 | D:2      | You fall through a shaft for 2 floors!
   476 | D:4      | Reached XP level 2. HP: 24/24 MP: 2/2
   489 | D:4      | Found Woenwearph's Weapon Shoppe.
   524 | D:4      | Noticed an orc priest
   541 | D:4      | Killed an orc priest
   541 | D:4      | Reached skill level 4 in Shields
   541 | D:4      | Reached XP level 3. HP: 4/29 MP: 3/3
   828 | D:4      | Found a bloodstained altar of Trog.
   829 | D:4      | Found a shadowy altar of Dithmenos.
   829 | D:4      | Found a shimmering altar of Xom.
   866 | D:4      | Found a shattered altar of Ashenzari.
   893 | D:4      | Reached XP level 4. HP: 27/35 MP: 4/4
  1038 | D:4      | Noticed a hound
  1058 | D:4      | Killed a hound
  1101 | D:4      | Reached XP level 5. HP: 32/41 MP: 5/5
  1189 | D:4      | Noticed an orc wizard
  1191 | D:4      | Noticed an orc priest
  1198 | D:4      | Killed an orc priest
  1201 | D:4      | Killed an orc wizard
  1345 | D:4      | Found Ypsoar's Assorted Antiques.
  1502 | D:4      | Reached XP level 6. HP: 47/47 MP: 6/6
  1518 | D:4      | Found a staircase to the Ecumenical Temple.
  1573 | Temple   | Entered the Ecumenical Temple
  1627 | Temple   | Became a worshipper of Gozag Ym Sagoz the Greedy
  1787 | D:3      | Reached skill level 5 in Shields
  3184 | D:2      | Found a stormy altar of Qazlal.
  3711 | D:4      | Noticed an iguana
  3711 | D:4      | Noticed a hound
  3721 | D:4      | Killed an iguana
  3724 | D:4      | Killed a hound
  3724 | D:4      | Reached skill level 5 in Armour
  3750 | D:4      | Found Ozuoj's Book Boutique.
  3957 | D:5      | Entered Level 5 of the Dungeon
  3996 | D:5      | Reached XP level 7. HP: 48/52 MP: 7/7
  4098 | D:5      | Reached skill level 5 in Axes
  4124 | D:5      | Noticed Prince Ribbit
  4125 | D:5      | Noticed Sigmund
  4131 | D:5      | Killed Sigmund
  4134 | D:5      | Killed Prince Ribbit
  4134 | D:5      | Reached skill level 6 in Axes
  4134 | D:5      | Reached XP level 8. HP: 43/58 MP: 8/8
  4320 | D:5      | Slain by a giant frog

Vault maps used:
D:1:      onia_arrival_pyramid
D:2:      old_standard_altar
D:3:      dk_noncrumbling_2
D:4:      cheibrodos_ashenzari_chains, nicolae_overflow_hidden_temple,
          temple_green, serial_shops, nicolae_shop_stone, shop, shop,
          first_bread, grunt_ministairs_14
D:5:      serial_corexii_hall, corexii_hall_statues_i,
          corexii_hall_statues_deadend, portal_sewer_entry_d,
          uniq_prince_ribbit1, uniq_sigmund
Temple:   circular_temple_12

Action                   |  1- 3 |  4- 6 |  7- 9 || total
-------------------------+-------+-------+-------++-------
Melee: War axe           |    59 |   217 |    18 ||   294
 Abil: Shaft Self        |     2 |       |       ||     2
       Dig               |     1 |     2 |     1 ||     4
  Use: Scroll            |       |     6 |     2 ||     8
       Potion            |       |       |     1 ||     1
  Eat: Chunk             |     1 |     2 |       ||     3
       Bread ration      |       |     2 |       ||     2
       Pizza             |       |     1 |       ||     1
       Beef jerky        |       |     1 |       ||     1
